 Dungeon Crawl Stone Soup version 0.19.5 (webtiles) character file.

17114 Gargoyl the Protected (level 12, -1/103 HPs)
             Began as a Ghoul Abyssal Knight on Mar 16, 2017.
             Was a High Priest of Lugonu.
             Killed from afar by a gargoyle (13 damage)
             ... with a stone arrow
             ... in a volcano.
             The game lasted 00:25:26 (10828 turns).

Gargoyl the Protected (Ghoul Abyssal Knight)       Turns: 10828, Time: 00:25:26

Health: -1/103     AC: 22    Str: 19 (22) XL:     12   Next: 44%
Magic:  18/18      EV:  7    Int:  6 (7)  God:    Lugonu [*****.]
Gold:   644        SH:  0    Dex: 11 (12) Spells: 0 memorised, 11 levels left

rFire  + . .     SeeInvis +     F - +0 broad axe
rCold  . . .     Gourm    .     S - +0 plate armour
rNeg   + + +     Faith    .     (no shield)
rPois  ∞         Spirit   .     e - +0 helmet
rElec  .         Reflect  .     (no cloak)
rCorr  .         Harm     .     t - +2 pair of gloves
MR     .....                    L - +1 pair of boots
Stlth  ..........               (no amulet)
                                Q - ring of see invisible
                                J - ring of fire

@: mighty, flying, very slightly contaminated, rotting
A: rotting body, claws 1, carnivore 3, cold resistance 1, negative energy
resistance 3, slow regeneration 1, torment resistance, unbreathing
a: Depart the Abyss, Bend Space, Banish, Corrupt, Enter the Abyss, Renounce
Religion


You were in a volcano.
You worshipped Lugonu.
Lugonu was extremely pleased with you.
You were not hungry.

You visited 2 branches of the dungeon, and saw 12 of its levels.
You visited the Abyss 1 time.
You also visited: Sewer and Volcano.

You collected 644 gold pieces.

Inventory:

Hand Weapons
 f - a +4 hand axe of venom
 F - a +0 broad axe (weapon)
 I - a +0 war axe
Armour
 e - a +0 helmet (worn)
 t - a +2 pair of gloves (worn)
 L - a +1 pair of boots (worn)
 S - a +0 plate armour (worn)
Jewellery
 J - a ring of fire (left hand)
 Q - a ring of see invisible (right hand)
Wands
 a - a wand of digging (15/24)
 h - a wand of teleportation (2/9)
 u - a wand of enslavement (13/24)
 E - a wand of polymorph (18/24)
 H - a wand of iceblast (5/15)
 M - a wand of flame (21/48)
 N - a wand of disintegration (20/24)
 P - a wand of disintegration (10/24)
 T - a wand of paralysis (12/24)
 U - a wand of lightning (3/15)
 W - a wand of flame (20/48)
Scrolls
 p - 4 scrolls of teleportation
 x - 4 scrolls of amnesia
 y - 3 scrolls of remove curse
 B - 5 scrolls of identify
 G - 2 scrolls of fog
 K - a scroll of recharging
 X - a scroll of holy word {unknown}
Potions
 b - a potion of berserk rage
 k - 5 potions of agility {unknown}
 l - a potion of might
 m - 3 potions of flight
 n - 4 potions of heal wounds {unknown}
 o - a potion of mutation {unknown}
 r - 2 potions of degeneration
 s - 2 potions of beneficial mutation {unknown}
 v - 2 potions of cure mutation
 w - 3 potions of haste {unknown}
 z - 6 potions of lignification {unknown}
 D - a potion of magic {unknown}
Books
 d - the Incunabulum of Malediction and Creation
   (You found it on level 2 of the Lair of Beasts)

   Spells                             Type                      Level
   a - Call Imp                       Summoning                    2
   b - Dazzling Spray                 Conjuration/Hexes            3
   c - Spectral Weapon                Hexes/Charms                 3
   d - Summon Mana Viper              Hexes/Summoning              5
   e - Darkness                       Hexes                        6
 C - a book of Frost

   Spells                             Type                      Level
   a - Freeze                         Ice                          1
   b - Throw Frost                    Conjuration/Ice              2
   c - Ozocubu's Armour               Charms/Ice                   3
   d - Throw Icicle                   Conjuration/Ice              4
   e - Summon Ice Beast               Ice/Summoning                4
 O - a book of Cantrips

   Spells                             Type                      Level
   a - Confusing Touch                Hexes                        1
   b - Animate Skeleton               Necromancy                   1
   c - Summon Small Mammal            Summoning                    1
   d - Apportation                    Translocation                1
 R - Fifyonn's Compendium of Torrid Beguiling
   (You found it on level 2 of the Lair of Beasts)

   Spells                             Type                      Level
   a - Slow                           Hexes                        2
   b - Conjure Flame                  Conjuration/Fire             3
   c - Sticky Flame                   Conjuration/Fire             4
   d - Delayed Fireball               Conjuration/Fire             7
 V - a book of Callings

   Spells                             Type                      Level
   a - Summon Small Mammal            Summoning                    1
   b - Call Imp                       Summoning                    2
   c - Call Canine Familiar           Summoning                    3
   d - Summon Guardian Golem          Hexes/Summoning              3
   e - Summon Lightning Spire         Summoning/Air                4
   f - Summon Ice Beast               Ice/Summoning                4
Comestibles
 c - 6 meat rations
 g - 7 beef jerkies
 j - 2 royal jellies
 A - 4 slices of pizza


   Skills:
 + Level 8.7 Fighting
 + Level 10.2 Axes
 * Level 11.2 Armour
 + Level 2.7 Dodging
 * Level 9.9 Invocations


You had 11 spell levels left.
You didn't know any spells.

Dungeon Overview and Level Annotations

Branches:
Dungeon (9/15)             Temple (0/1) D:5            Lair (3/6) D:9
 Shoals (0/4) Lair:3       Spider (0/4) Lair:3          Orc (0/2) D:9

Altars:
Gozag
Kikubaaqudgha
Makhleb
Okawaru
Sif Muna
Xom
Yredelemnul

Shops:
D:6 }


Innate Abilities, Weirdness & Mutations

Your body is rotting away.
You thrive on raw meat.
You are immune to poison.
You have sharp fingernails.
You are carnivorous and can eat meat at any time.
Your flesh is cold resistant. (rC+)
You are immune to negative energy. (rN+++)
You regenerate slowly when monsters are visible.
You are immune to unholy pain and torment.
You can survive without breathing.


Message History

You slash the gargoyle!
You destroy the gargoyle!
Lugonu accepts your kill.
You closely miss the gargoyle.
The gargoyle hurls a stone arrow at you.
The stone arrow hits you!
You hit the gargoyle.
The gargoyle is lightly damaged.
The gargoyle hurls a stone arrow at you.
The stone arrow hits you!
* * * LOW HITPOINT WARNING * * *
You hit the gargoyle but do no damage.
The gargoyle is lightly damaged.
The gargoyle hits you with a mace of protection!
* * * LOW HITPOINT WARNING * * *
You slash the gargoyle!
The gargoyle is heavily damaged.
The gargoyle hurls a stone arrow at you.
The stone arrow hits you!
You die...

.### ...## ....### ####
......### ...#
........### #.∩.##
≈.........##### ..... #
≈§≈≈§.......#.## ... ...
≈≈≈§§≈≈......§.###.#..#.#
≈§≈≈≈§≈≈§≈......@9......#
≈§≈§≈≈≈≈§.§.§≈.###.#..#.#
≈§≈≈≈≈§≈≈...#.## ... ...
≈§≈≈§≈≈≈≈≈..### ..... #
≈≈≈§§§§§§## #.##.#
≈≈§§§≈§≈## .# # ≈≈≈# .#
≈## .#


You could see a gargoyle.

Vanquished Creatures
  Harold (Lair:2)
  Erica (D:8)
  Pikel (D:9)
  A siren (Lair:3)
  A spiny frog (Lair:1)
  A black mamba (Lair:1)
  A gargoyle (Volcano)
  A rime drake (Lair:2)
  2 komodo dragons
  Grinder (D:3)
  A harpy skeleton (Volcano)
  3 hippogriffs
  2 flying skulls (Volcano)
  Sigmund (D:2)
  Eustachio (D:5)
  17 yaks
  A hill giant zombie (D:9)
  2 hungry ghosts (D:9)
  Grum (D:8)
  4 hell hounds
  8 water moccasins
  4 porcupines
  3 sky beasts
  4 slaves (D:9)
  2 black bears
  An orc warrior (D:9)
  An ice beast (D:8)
  2 ogres
  2 necrophages
  2 phantoms
  10 centaurs
  13 wolves
  5 crocodiles
  2 big kobolds (Sewer)
  8 bullfrogs
  A water moccasin skeleton (D:7)
  3 scorpions
  3 killer bees (D:7)
  2 troll zombies (D:9)
  A crimson imp (D:7)
  A bullfrog zombie (D:6)
  A centaur zombie (D:7)
  6 hounds
  A bullfrog skeleton (D:8)
  A jelly (D:8)
  4 orc priests
  3 orc wizards
  An iguana (D:8)
  6 worker ants
  5 ogre zombies (D:9)
  A howler monkey zombie (D:3)
  3 gnolls (D:5)
  15 adders
  6 river rats (Sewer)
  A shadow imp (D:6)
  2 oozes
  2 adder skeletons
  3 dart slugs
  2 leopard geckos
  13 orcs
  8 ball pythons
  3 bats
  6 giant cockroaches
  A hobgoblin (D:3)
  5 jackals
  2 quokkas
  5 frilled lizards
  4 goblins
  A goblin skeleton (D:9)
  A goblin zombie (D:9)
  A hobgoblin skeleton (D:9)
  5 hobgoblin zombies (D:9)
  22 kobolds
  2 orc skeletons (D:9)
  15 orc zombies (D:9)
  29 rats
  2 fungi
  A plant (Lair:2)
311 creatures vanquished.

Vanquished Creatures (collateral kills)
  A komodo dragon (Lair:3)
  A crocodile (Lair:3)
2 creatures vanquished.

Vanquished Creatures (others)
  2 hydras
  A skeletal warrior (Volcano)
  The ghost of smzp the Ruffian, a novice TrMo of Cheibriados (D:6)
  An anaconda skeleton (Volcano)
  A flying skull (Volcano)
  A spriggan skeleton (Volcano)
  A fungus (Lair:3)
  A plant (Lair:1)
9 creatures vanquished.

Grand Total: 322 creatures vanquished

Notes
Turn   | Place    | Note
-------+----------+-------------------------------------------
     0 | Abyss:1  | Gargoyl the Ghoul Abyssal Knight began the quest for the Orb.
     0 | Abyss:1  | Reached XP level 1. HP: 19/19 MP: 1/1
     7 | Abyss:1  | Found a corrupted altar of Lugonu.
    36 | Abyss:2  | Noticed a raiju
    36 | Abyss:2  | Noticed a raiju
    36 | Abyss:2  | Noticed a raiju
    37 | D:1      | Escaped the Abyss
   106 | D:1      | Reached skill level 1 in Dodging
   347 | D:1      | Reached * piety under Lugonu
   458 | D:1      | Reached skill level 2 in Armour
   563 | D:1      | Reached XP level 2. HP: 21/26 MP: 2/2
   876 | D:2      | You fall through a shaft for 2 floors!
   882 | D:4      | Reached XP level 3. HP: 31/33 MP: 3/3
  1039 | D:4      | Found a glowing drain.
  1054 | D:4      | Reached XP level 4. HP: 40/40 MP: 5/5
  1068 | Sewer    | Entered a sewer
  1265 | Sewer    | Reached ** piety under Lugonu
  1300 | Sewer    | Reached skill level 3 in Armour
  1331 | Sewer    | Reached XP level 5. HP: 28/46 MP: 6/6
  1397 | Sewer    | Noticed a big kobold
  1406 | Sewer    | Killed a big kobold
  1406 | Sewer    | Reached XP level 6. HP: 47/52 MP: 7/7
  1489 | Sewer    | Reached skill level 4 in Armour
  1733 | D:3      | Noticed a sky beast
  1753 | D:3      | Killed a sky beast
  1816 | D:3      | Noticed Grinder
  1833 | D:3      | Killed Grinder
  1833 | D:3      | Reached XP level 7. HP: 34/59 MP: 8/8
  1841 | D:2      | Noticed Sigmund
  1846 | D:2      | Reached *** piety under Lugonu
  1854 | D:2      | Killed Sigmund
  1854 | D:2      | Reached skill level 5 in Armour
  2594 | D:3      | Reached XP level 8. HP: 67/67 MP: 10/10
  3018 | D:4      | Found an ancient bone altar of Kikubaaqudgha.
  3018 | D:4      | Found an iron altar of Okawaru.
  3018 | D:4      | Found a basalt altar of Yredelemnul.
  3140 | D:4      | Reached skill level 5 in Fighting
  3517 | D:5      | Entered Level 5 of the Dungeon
  3526 | D:5      | Found a staircase to the Ecumenical Temple.
  3728 | D:5      | Reached skill level 5 in Axes
  3903 | D:5      | Found a deep blue altar of Sif Muna.
  3953 | D:5      | Noticed Eustachio
  3963 | D:5      | Killed Eustachio
  3963 | D:5      | Reached skill level 6 in Armour
  3963 | D:5      | Reached skill level 5 in Invocations
  4523 | D:6      | Noticed smzp's ghost (novice TrMo)
  4524 | D:6      | Reached XP level 9. HP: 74/74 MP: 10/12
  4552 | D:6      | Banished smzp's ghost
  4921 | D:6      | Reached skill level 7 in Armour
  5021 | D:6      | Found Tisir's Gadget Shop.
  5477 | D:7      | Reached **** piety under Lugonu
  5516 | D:7      | Reached XP level 10. HP: 79/83 MP: 14/14
  5669 | D:7      | Found an opulent altar of Gozag.
  5992 | D:8      | Noticed Grum
  6130 | D:8      | Killed Grum
  6130 | D:8      | Reached skill level 8 in Armour
  6519 | D:8      | Noticed Erica
  6544 | D:8      | Killed Erica
  6628 | D:9      | Noticed Pikel
  6644 | D:9      | Killed Pikel
  6665 | D:9      | Found a staircase to the Lair.
  6978 | D:9      | Found a shimmering altar of Xom.
  6978 | D:9      | Found a shimmering altar of Xom.
  6981 | D:9      | Found a shimmering altar of Xom.
  7091 | D:9      | Reached XP level 11. HP: 53/92 MP: 16/16
  7255 | D:9      | Found a staircase to the Orcish Mines.
  7256 | D:9      | Reached ***** piety under Lugonu
  7668 | D:9      | Reached skill level 9 in Armour
  7881 | D:9      | Found a burning altar of Makhleb.
  8104 | Lair:1   | Entered Level 1 of the Lair of Beasts
  8488 | Lair:1   | Noticed an eight-headed hydra
  8489 | Lair:1   | Banished an eight-headed hydra
  8997 | Lair:2   | Identified Fifyonn's Compendium of Torrid Beguiling
  9141 | Lair:2   | Identified the Incunabulum of Malediction and Creation
  9394 | Lair:2   | Reached skill level 10 in Armour
  9629 | Lair:2   | Noticed Harold
  9650 | Lair:2   | Killed Harold
  9650 | Lair:2   | Reached XP level 12. HP: 61/101 MP: 18/18
  9970 | Lair:3   | Noticed a five-headed hydra
  9971 | Lair:3   | Banished a five-headed hydra
 10067 | Lair:3   | Found a hole to the Spider Nest.
 10163 | Lair:3   | Reached skill level 10 in Axes
 10429 | Lair:3   | Found a staircase to the Shoals.
 10452 | Lair:3   | Reached skill level 11 in Armour
 10479 | Lair:3   | Found a dark tunnel.
 10499 | Volcano  | Entered a volcano
 10817 | Volcano  | HP: 5/103 [gargoyle/stone arrow (22)]
 10828 | Volcano  | Killed from afar by a gargoyle

Skill      XL: |  1  2  3  4  5  6  7  8  9 10 11 12 |
---------------+-------------------------------------+-----
Dodging        | 1 2 |  2.7
Armour         | 2 3 4 5 6 7 8 10 11 | 11.2
Axes           | 2 3 4 5 7 8 9 10 | 10.2
Invocations    | 3 4 5 7 8 9 |  9.9
Fighting       | 4 5 6 7 8 |  8.7

Action                   |  1- 3 |  4- 6 |  7- 9 | 10-12 || total
-------------------------+-------+-------+-------+-------++-------
Melee: Hand axe          |    69 |   119 |   268 |   494 ||   950
       Broad axe         |       |       |       |   139 ||   139
Invok: Depart the Abyss  |     1 |       |       |       ||     1
       Banish            |       |       |     3 |     2 ||     5
       Bend Space        |       |       |     1 |       ||     1
  Use: Scroll            |     7 |     2 |    11 |     6 ||    26
       Potion            |       |       |       |    15 ||    15
 Stab: Invisible         |       |       |       |     3 ||     3
  Eat: Chunk             |     4 |    23 |    38 |   110 ||   175
       Meat ration       |       |       |     1 |       ||     1
Armor: Chain mail        |    62 |    92 |   272 |   330 ||   756
       Plate armour      |       |       |       |   265 ||   265
Dodge: Dodged            |    22 |    59 |   131 |   318 ||   530
